 Dungeon Crawl Stone Soup version 0.29-a0-364-g921d912d32 (webtiles) character file.

Game seed: 14195231816402136548

9 frimble the Magician (level 2, -2/23 HPs)
             Began as a Djinni Warper on May 1, 2022.
             Slain by a goblin
             ... wielding a +0 dagger of protection
              (3 damage)
             ... on level 1 of the Dungeon.
             The game lasted 00:00:24 (446 turns).

frimble the Magician (Djinni Warper)                 Turns: 446, Time: 00:00:24

Health: -2/23      AC:  3    Str: 10    XL:     2   Next: 20%
Gold:   22         EV: 11    Int: 14    God:
                   SH:  0    Dex: 12

rFire   + + .      SeeInvis .   a - +0 short sword
rCold   x . .      Faith    .   (no shield)
rNeg    . . .      Spirit   .   b - +0 leather armour
rPois   ∞          Reflect  .   (no helmet)
rElec   .          Harm     .   (no cloak)
rCorr   .          Rampage  .   (no gloves)
Will    .....                   (boots unavailable)
Stlth   +.........              (no amulet)
HPRegen 0.07/turn               (no ring)
MPRegen 0.00/turn               (no ring)

@: flying
A: sickness immunity, fire resistance 2, cold vulnerability 1, float, innate
caster, HP casting, extra vitality 1
a: no special abilities


You were on level 1 of the Dungeon.
You visited 1 branch of the dungeon, and saw 1 of its levels.

You collected 22 gold pieces.

Inventory:

Hand Weapons
 a - a +0 short sword (weapon)
Missiles
 d - a boomerang of dispersal (quivered)
Armour
 b - a +0 leather armour (worn)
Scrolls
 c - a scroll of blinking
 f - a scroll of fear {unknown}
Potions
 e - 2 potions of curing {unknown}
 g - a potion of ambrosia {unknown}
 h - a potion of heal wounds {unknown}
 i - a potion of flight {unknown}


   Skills:
 + Level 2.2 Fighting
 + Level 1.9 Short Blades
 + Level 0.9 Throwing
 + Level 1.1 Armour
 + Level 2.3 Dodging
 + Level 2.5 Spellcasting


You couldn't memorise any spells.
You knew the following spells:

 Your Spells              Type           Power      Damage    Failure   Level
a - Blink                 Tloc           16%        N/A       17%         2
b - Lesser Beckoning      Tloc           8%         N/A       32%         3
c - Gell's Gravitas       Tloc           8%         N/A       32%         3
d - Teleport Other        Tloc           8%         N/A       32%         3
e - Manifold Assault      Tloc           8%         N/A       97%         5
Your spell library was empty.

Dungeon Overview and Level Annotations

Branches:
Dungeon (1/15)

Altars:


Innate Abilities, Weirdness & Mutations

You are immune to sickness and miasma.
You are immune to poison.
Your flesh is very heat resistant. (rF++)
You are vulnerable to cold. (rC-)
You float through the air rather than walking.
You learn spells naturally, not from books.
Your magical power is your life essence.
You have superior vitality. (+4 MHP)


Message History

You throw a boomerang of dispersal.
The boomerang of dispersal closely misses the goblin.
The boomerang of dispersal hits the goblin.
The goblin blinks!
The goblin closely misses you.
Throw: 6 boomerangs (disperse)
Press: ? - help, Q - select action, (/) - cycle Shift-Dir - straight line, f/p - goblin
Aim: a goblin, wielding a +1 dagger of venom (50% to hit)
You throw a boomerang of dispersal.
The boomerang of dispersal hits the goblin.
The goblin blinks!
You kill the goblin!
The rat bites you.
* * * LOW HITPOINT WARNING * * *
Throw: 5 boomerangs (disperse)
Press: ? - help, Q - select action, (/) - cycle Shift-Dir - straight line, f - rat
Aim: a rat (57% to hit)
You throw a boomerang of dispersal.
The boomerang of dispersal hits the rat.
The rat blinks!
You kill the rat!
Throw: 4 boomerangs (disperse)
Press: ? - help, Q - select action, (/) - cycle Shift-Dir - straight line, f - goblin
Aim: a goblin, wielding a +0 dagger of protection (heavily wounded, 50% to hit)
You throw a boomerang of dispersal.
The boomerang of dispersal hits the goblin but does no damage.
The goblin is heavily wounded.
Throw: 3 boomerangs (disperse)
Press: ? - help, Q - select action, (/) - cycle Shift-Dir - straight line, f/p - goblin
Aim: a goblin, wielding a +0 dagger of protection (translocational energy, heavily wounded, 50% to hit)
You throw a boomerang of dispersal.
The boomerang of dispersal barely misses the goblin.
The goblin closely misses you.
Throw: 2 boomerangs (disperse)
Press: ? - help, Q - select action, (/) - cycle Shift-Dir - straight line, f/p - goblin
Aim: a goblin, wielding a +0 dagger of protection (heavily wounded, 50% to hit)
You throw a boomerang of dispersal.
The boomerang of dispersal closely misses the goblin.
The goblin hits you with a +0 dagger of protection.
You die...

#......##.# #........#
#......##.###........#
#......##............# #
+....................## #.
#.###########..........
#..#....# .....#.........#
#.......# .....##.#####..#
#####...##.....##..# ..#
#.......g@.....###.## ..#
#.).....##.....###..###..#
#.......# ....†#.........#
#.......# ...........[...#
#.......# .....#........##
#.......# .....#........#
..##.......#
.....#####.##.#
........#####.....# #.##.#
.........$..... #.##.#


You could see a goblin.

Vanquished Creatures
  A ball python (D:1)
  An endoplasm (D:1)
  A giant cockroach (D:1)
  A goblin (D:1)
  A bat (D:1)
  2 kobolds (D:1)
  A rat (D:1)
8 creatures vanquished.

Notes
Turn   | Place    | Note
-------+----------+-------------------------------------------
     0 | D:1      | frimble the Djinni Warper began the quest for the Orb.
     0 | D:1      | Reached XP level 1. HP: 18/18 MP: 0/0
   441 | D:1      | Reached XP level 2. HP: 3/23 MP: 0/0
   442 | D:1      | HP: 1/23 [rat (2)]
   446 | D:1      | Slain by a goblin

Illustrated notes

Levels and vault maps discovered:
D:1:      minmay_arrival_stone_box, layout_basic, chequers_hall_statues_wall_a

Action                   || total
-------------------------++-------
Melee: Short sword       ||    34
Throw: Boomerang         ||     6
Armor: Leather armour    ||    16
Dodge: Dodged            ||    24

Table legend: (Time is in decaauts)
 A = Elapsed time spent in this place.
 B = Non-inter-level travel time spent in this place.
 C = Inter-level travel time spent in this place.
 D = Time resting spent in this place.
 E = Time spent auto-exploring this place.
 F = Levels seen in this place.
 G = Mean time per level.
                   A        B        C        D        E       F      G
               +--------+--------+--------+--------+--------+-----+--------+
         Total |    447 |    447 |      0 |      0 |    364 |   1 |  447.0 |
       Dungeon |    447 |    447 |      0 |      0 |    364 |   1 |  447.0 |
               +--------+--------+--------+--------+--------+-----+--------+

Top non-repeatable levels by time:
     D:1: 447 daAuts
